 Dungeon Crawl Stone Soup version 0.26-a0-652-gafc20e3620 (webtiles) character file.

Game seed: 7655633134217958038

376 DogServant the Grave Robber (level 6, -4/48 HPs)
             Began as a Demonspawn Necromancer on Oct 2, 2020.
             Slain by a mummy (7 damage)
             ... in an ossuary.
             The game lasted 00:08:25 (5208 turns).

DogServant the Grave Robber (DsNe)                  Turns: 5208, Time: 00:08:25

Health: -4/48      AC: 11    Str: 10    XL:     6   Next: 44%
Magic:  9/9        EV: 12    Int: 16    God:
Gold:   200        SH:  5    Dex: 14    Spells: 2/9 levels left

rFire    . . .     SeeInvis .   m - +1 spear (venom)
rCold    . . .     Faith    .   (no shield)
rNeg     . . .     Spirit   .   d - +0 leather armour
rPois    .         Reflect  +   (helmet restricted)
rElec    .         Harm     .   (no cloak)
rCorr    .         Rampage  .   n - +0 pair of gloves
MR       .....                  r - +0 pair of boots
Stlth    ++........             o - amulet of reflection
HPRegen  0.16/turn              (no ring)
MPRegen  0.11/turn              (no ring)

@: sanguine armour
A: antennae 1, sanguine armour 1
a: no special abilities


You were in an ossuary.
You visited 1 branch of the dungeon, and saw 4 of its levels.
You also visited: Ossuary.

You collected 200 gold pieces.

Inventory:

Hand Weapons
 l - a +0 flail
 m - a +1 spear of venom (weapon)
Missiles
 p - 22 poisoned darts (quivered)
Armour
 a - a +0 robe
 c - a +0 ring mail
 d - a +0 leather armour (worn)
 n - a +0 pair of gloves (worn)
 r - a +0 pair of boots (worn)
Jewellery
 o - an amulet of reflection (around neck)
Scrolls
 f - a scroll of amnesia {unknown}
 g - a scroll of fog {unknown}
 j - a scroll of teleportation
 q - a scroll of fear {unknown}
 s - a scroll of enchant armour {unknown}
 u - a scroll of blinking {unknown}
Potions
 b - 2 potions of heal wounds
 e - a potion of flight
 h - a potion of brilliance
 i - a potion of ambrosia {unknown}
 k - a potion of curing {unknown}
 t - a potion of might {unknown}


   Skills:
 - Level 4.2 Fighting
 + Level 0.7 Polearms
 - Level 3.2 Armour
 + Level 2.0 Dodging
 - Level 1.7 Stealth
 + Level 2.2 Spellcasting
 + Level 0.7 Conjurations
 - Level 5.0 Necromancy


You had 2 spell levels left.
You knew the following spells:

 Your Spells              Type           Power        Failure   Level
a - Pain                  Necr           ###.         3%          1
b - Animate Skeleton      Necr           ###...       3%          1
c - Vampiric Draining     Necr           ###.......   11%         3
d - Searing Ray           Conj           #.....       30%         2

Your spell library contained the following spells:

 Spells                   Type           Power        Failure   Level
 Magic Dart               Conj           #...         21%         1
 Animate Dead             Necr           ###.......   34%         4
 Dazzling Flash           Conj/Hex       #.....       56%         3
 Agony                    Necr           ###.....     67%         5
 Fulminant Prism          Conj/Hex       #.........   92%         4
 Iskenderun's Mystic Bla  Conj/Tloc      #.......     92%         4


Dungeon Overview and Level Annotations

Branches:
Dungeon (4/15)            Ossuary (1/1)
 Temple: D:4-7

Altars:
Xom


Innate Abilities, Weirdness & Mutations

You have a pair of small antennae on your head.
When seriously injured, your bleeding wounds create armour. (AC +6)


Message History

The mummy hits you!
* * * LOW HITPOINT WARNING * * *
You hit the mummy but do no damage.
The mummy is severely damaged.
The mummy misses you.
You hit the mummy but do no damage.
The mummy is severely damaged.
You barely miss the mummy.
The mummy is severely damaged.
The mummy hits you.
* * * LOW HITPOINT WARNING * * *
You hit the mummy.
The mummy is severely damaged.
You hit the mummy but do no damage.
The mummy is severely damaged.
You block the mummy's attack.
You hit the mummy.
The mummy is almost destroyed.
The mummy hits you!
You die...

#..#ZZ..#...#
#^.#{{#.#...#
#.####^.####.#...#
#............#...#
#.####.......#...#
{#.......#...#
{{{#.......#...#
######.∩.....#...#
#..M@....+####...#
#.####...# {#...#
{{ #...#{{{#...#
##############...#
.................#
......∩∩.........#
##################


You could see a mummy.

Vanquished Creatures
  An elf zombie (Ossuary)
  A bullfrog (D:3)
  An orc wizard (D:3)
  Natasha (thrice) (D:2)
  A gnoll (D:1)
  3 adders (D:2)
  A worm (D:2)
  7 dart slugs
  4 leopard geckos
  4 orcs (D:3)
  3 ball pythons
  8 bats
  2 giant cockroaches
  8 goblins
  8 hobgoblins
  4 jackals (D:3)
  4 quokkas
  3 frilled lizards
  3 hobgoblin zombies (Ossuary)
  6 kobolds
  6 kobold zombies (Ossuary)
  5 orc zombies (Ossuary)
  6 rats
92 creatures vanquished.

Notes
Turn   | Place    | Note
-------+----------+-------------------------------------------
     0 | D:1      | DogServant the Demonspawn Necromancer began the quest for
                  | the Orb.
     0 | D:1      | Reached XP level 1. HP: 13/13 MP: 3/3
   220 | D:1      | Reached skill level 1 in Fighting
   236 | D:1      | Gained mutation: When seriously injured, your bleeding
                  | wounds create armour. (AC +6) [demonic ancestry]
   236 | D:1      | Reached XP level 2. HP: 11/21 MP: 3/5
   777 | D:1      | Learned a level 1 spell: Animate Skeleton
   983 | D:1      | Gained mutation: You have a pair of small antennae on your
                  | head. [demonic ancestry]
   983 | D:1      | Reached XP level 3. HP: 17/27 MP: 0/6
  1126 | D:1      | Reached skill level 5 in Necromancy
  1136 | D:1      | Learned a level 3 spell: Vampiric Draining
  2018 | D:2      | Reached skill level 1 in Armour
  2262 | D:2      | Noticed Natasha
  2267 | D:2      | Killed Natasha
  2267 | D:2      | Reached XP level 4. HP: 19/34 MP: 0/7
  2491 | D:2      | Noticed Natasha
  2506 | D:2      | Killed Natasha
  2830 | D:2      | Noticed Natasha
  2841 | D:2      | Killed Natasha
  2841 | D:2      | Reached XP level 5. HP: 41/41 MP: 1/8
  3338 | D:2      | Noticed an ogre
  4162 | D:3      | Reached XP level 6. HP: 21/48 MP: 5/9
  4424 | D:3      | Found a shimmering altar of Xom.
  4752 | D:4      | Learned a level 2 spell: Searing Ray
  4809 | D:4      | Found a sand-covered staircase.
  4814 | Ossuary  | Entered an ossuary
  5205 | Ossuary  | HP: 2/48 [mummy (2)]
  5208 | Ossuary  | Slain by a mummy

Illustrated notes

Levels and vault maps discovered:
D:1:      nzn_arrival_water_spiral, layout_basic, st_stairs_14,
          amethyst_killhole
D:2:      layout_loops_ring, uniq_natasha
D:3:      layout_basic, nicolae_overflow_crystal_walls
D:4:      layout_rooms, grunt_temple_overflow_octagram,
          minmay_temple_entry_glassed_door,
          nicolae_ossuary_entry_false_entrances, uniq_menkaure,
          uniq_blork_the_orc
Ossuary:  ossuary_tomb_1

Skill      XL: |  1  2  3  4  5  6 |
---------------+-------------------+-----
Fighting       | 1 2 3 4 |  4.2
Necromancy     | 5 |  5.0
Armour         | 1 2 3 |  3.2
Dodging        | 2 |  2.0
Polearms       | |  0.7
Stealth        | |  1.7
Spellcasting   | |  2.2
Conjurations   | |  0.7

Action                   |  1- 3 |  4- 6 || total
-------------------------+-------+-------++-------
Melee: Unarmed           |     4 |       ||     4
       Club              |     1 |       ||     1
       Short sword       |    40 |       ||    40
       Flail             |     3 |     5 ||     8
       Spear             |       |   282 ||   282
 Cast: Pain              |    40 |       ||    40
       Vampiric Draining |     5 |     7 ||    12
  Use: Scroll            |       |     5 ||     5
 Stab: Sleeping          |     7 |     3 ||    10
Armor: Robe              |    19 |       ||    19
       Leather armour    |       |    76 ||    76
Dodge: Dodged            |    43 |   169 ||   212
Block: Other             |       |    14 ||    14

Table legend: (Time is in decaauts)
 A = Elapsed time spent in this place.
 B = Non-inter-level travel time spent in this place.
 C = Inter-level travel time spent in this place.
 D = Time resting spent in this place.
 E = Time spent auto-exploring this place.
 F = Levels seen in this place.
 G = Mean time per level.
                   A        B        C        D        E       F      G
               +--------+--------+--------+--------+--------+-----+--------+
         Total |   5246 |   5050 |    196 |   1220 |   2878 |   5 | 1049.2 |
       Dungeon |   4841 |   4645 |    196 |   1053 |   2808 |   4 | 1210.2 |
       Ossuary |    404 |    404 |      0 |    167 |     70 |   1 |  404.0 |
               +--------+--------+--------+--------+--------+-----+--------+

Top non-repeatable levels by time:
     D:1: 2123 daAuts
     D:2: 1387 daAuts
     D:3: 1249 daAuts
 Ossuary: 404 daAuts
     D:4: 81 daAuts
